Cogmind - Beta 16.1 @@@ ROGUE MODE // 2026.02.27 @ 20:07:57 Player: TheSkyeDoctor Result: Destroyed by as-87720 with Assembled Heavy Rifle Performance ------------- Evolutions (0) 0 Regions Visited (2) 400 Robots Destroyed (11) 55 Value Destroyed (103) 103 Prototype IDs (0) 0 Alien Tech Used (0) 0 Bonus (0) 0 TOTAL SCORE: 558 Bonus ------- None Cogmind --------- Core Integrity 0/250 Matter 233/300 Energy 74/100 System Corruption 0% Temperature Cool (0) Movement Core (100) Ox1 Location -10/Mines Parts ------- > --- POWER (1) -------- (None) > --- PROPULSION (2) --- (None) > --- UTILITY (2) ------ Seismic Detector Light Armor Plating > --- WEAPON (2) ------- (None) > --- INVENTORY (5) ---- Light Ion Engine Huge Storage Unit High-capacity Battery (250) Improved Terrain Scanner Grenade Launcher Peak State ------------ > --- POWER ------------ Light Ion Engine > --- PROPULSION ------- Light Treads Light Treads > --- UTILITY ---------- Huge Storage Unit Seismic Detector > --- WEAPON ----------- Assault Rifle Assault Rifle > --- INVENTORY -------- Light Ion Engine Wheel Wheel High-capacity Battery Improved Terrain Scanner Light Armor Plating Grenade Launcher Heavy Explosive Trap [Rating: 8] Favorites ----------- Power Light Ion Engine Engine Light Ion Engine Propulsion Light Treads Treads Light Treads Wheel Wheel Utility Seismic Detector Device Seismic Detector Storage Huge Storage Unit Protection Light Armor Plating Weapon Assault Rifle Ballistic Gun Assault Rifle Build | -11 -10 -10 ------- Run | Yrd Mat Min Slots Evolved . | . . . Power . | . . . Propulsion . | . . . Utility . | . . . Weapon . | . . . Parts Attached 11 | 7 1 3 Power 1 | 1 . . Engine 1 | 1 . . Core . | . . . Reactor . | . . . Propulsion 4 | 2 . 2 Treads 2 | 2 . . Leg . | . . . Wheel 2 | . . 2 Hover . | . . . Flight . | . . . Utility 4 | 2 1 1 Device 1 | 1 . . Storage 2 | 1 1 . Processor . | . . . Hackware . | . . . Protection 1 | . . 1 Artifact . | . . . Weapon 2 | 2 . . Energy Gun . | . . . Energy Cannon . | . . . Ballistic Gun 2 | 2 . . Ballistic Cannon . | . . . Launcher . | . . . Special Weapon . | . . . Impact Weapon . | . . . Slashing Weapon . | . . . Piercing Weapon . | . . . Special Melee Weapon . | . . . Unidentified Prototypes . | . . . Parts Lost 7 | . . 7 Power 1 | . . 1 Propulsion 4 | . . 4 Utility . | . . . Weapon 2 | . . 2 Highest Loss Streak 7 | . . 7 To Critical Strikes . | . . . Average Backups 5 | 2 5 6 Power . | . 1 1 Propulsion 1 | 1 2 1 Utility 2 | . 1 2 Weapon . | . . 1 Tool/Special . | . . . Unused Backups 4 | . . 4 Power 1 | . . 1 Propulsion . | . . . Utility 2 | . . 2 Weapon 1 | . . 1 Tool/Special . | . . . Average Slot Usage (%) 98 | . 100 98 Engine 13 | . 14 13 Treads 27 | . 28 27 Device 14 | . 14 14 Storage 14 | . 14 14 Ballistic Gun 27 | . 28 27 Peak Build Rating 8 | 7 7 8 Average Rating 7 | 5 7 7 On Entrance 4 | . 7 7 Avg Prop Armor Cover (%) . | . . . Naked Turns . | . . . Heaviest Build 88 | 13 88 88 Greatest Support 40 | 40 40 40 Greatest Overweight (x) 8 | . 2 8 Average Overweight (x) 1 | . . 2 Largest Inventory Capacity 25 | 8 25 25 Average Capacity 20 | 7 16 24 Most Carried 11 | 4 6 11 Average Carried 7 | 2 5 9 Final Capacity 25 | 8 25 5 Final Carried 6 | 4 6 5 Class Distribution -------------------- 100% | Mutant Dominant Class ---------------- Mutant | -10/Materials Mutant | -10/Mines Resources | -11 -10 -10 ----------- Run | Yrd Mat Min Matter Collected 353 | 237 85 31 Remotely . | . . . Salvage Created 216 | 89 127 . Parts 24 | 7 17 . Haulers Intercepted . | . . . Recyclers Shooed 1 | . 1 . Parts Field Recycled . | . . . Retrieved Matter . | . . . Parts Self-Destructed . | . . . Prevented . | . . . Parts Restored . | . . . Kills | -11 -10 -10 ------- Run | Yrd Mat Min Combat Hostiles Destroyed 9 | . 9 . Guns 9 | . 9 . Classes Destroyed 3 | 2 1 . Tunneler 1 | 1 . . Recycler 1 | 1 . . Swarmer 9 | . 9 . Best Kill Streak 6 | 2 6 . Combat Bots Only 6 | . 6 . Max Kills in Single Turn 1 | 1 1 . Gunslinging . | . . . Exploded . | . . . Melee . | . . . Uniques/NPCs Destroyed . | . . . Combat | -11 -10 -10 -------- Run | Yrd Mat Min Hostile Shots Fired 70 | . 31 39 Missed 13 | . 4 9 Hits 57 | . 27 30 Melee 1 | . . 1 Projectile 56 | . 27 29 AOE 14 | . . 14 Critical Strikes 1 | . 1 . Damage Taken 1014 | . 220 794 Core 257 | . 60 197 Absorbed by Shields . | . . . Core Remaining (%) 100 | 100 . . Volleys Fired 25 | 6 19 . Largest 2 | 2 2 . Hottest 40 | 40 40 . Shots Fired 50 | 12 38 . Gun 50 | 12 38 . Cannon . | . . . Launcher . | . . . Special . | . . . Kinetic 50 | 12 38 . Thermal . | . . . Explosive . | . . . Electromagnetic . | . . . Robot Hit Streak 10 | 10 4 . Robot Miss Streak 3 | 1 3 . Penetration Max . | . . . Secondary Targets . | . . . Shots Hit Robots 26 | 10 16 . Core Hits 13 | 3 9 1 Critical Kills . | . . . Critical Parts Destroyed . | . . . Critical Strikes . | . . . Melee Attacks . | . . . Impact . | . . . Slashing . | . . . Piercing . | . . . Sneak Attacks . | . . . Combat Hostiles . | . . . Follow-up Attacks . | . . . Damage Inflicted 328 | 119 204 5 Guns 323 | 119 204 . Cannons . | . . . Explosions . | . . . Melee . | . . . Ramming 5 | . . 5 Kinetic 323 | 119 204 . Thermal . | . . . Explosive . | . . . Electromagnetic . | . . . Impact . | . . . Slashing . | . . . Piercing . | . . . Highest Corruption . | . . . Average Corruption . | . . . Corruption Purged . | . . . Corruption Blocked . | . . . Overload Shots . | . . . Overflow Damage . | . . . Projectiles . | . . . Explosions . | . . . Melee . | . . . Knockbacks . | . . . Impact . | . . . Kinetic . | . . . Secondary . | . . . Self-Inflicted Damage . | . . . Shots . | . . . Rammed 1 | . . 1 Targets Rammed 1 | . . 1 Kicked . | . . . Crushed . | . . . Highest Temperature . | . . . Average Temperature . | . . . Received Heat Transfer 29 | . . 29 Siege Activations . | . . . Martial Activations . | . . . Shielding Activations . | . . . Robots Disrupted . | . . . Combat Hostiles . | . . . Robots Corrupted . | . . . Combat Hostiles . | . . . Parts Fried . | . . . Impact Corruptions . | . . . Robots Melted . | . . . Combat Hostiles . | . . . Parts Melted . | . . . Heat Transferred . | . . . Parts Sabotaged . | . . . Parts Stolen . | . . . Parts Stripped . | . . . Power Chain Reactions . | . . . Alert | -11 -10 -10 ------- Run | Yrd Mat Min Maximum Alert Level . | . . . Low Security (%) 100 | 100 100 100 Level 1 . | . . . Level 2 . | . . . Level 3 . | . . . Level 4 . | . . . Level 5 . | . . . High Security . | . . . Max Security . | . . . Peak Influence 181 | 5 181 39 Initial 39 | . . 39 Average 26 | 1 80 2 Influence Increases 221 | 10 211 . Destroy 0b10 Robot/C 180 | . 180 . Destroy 0b10 Robot/NC 10 | 10 . . Destroy Leader 30 | . 30 . Destroy Structure 1 | . 1 . Influence Decreases 221 | 10 110 101 Entered New Map 62 | . . 62 Time Decay 159 | 10 110 39 Squads Dispatched . | . . . Investigation . | . . . Extermination . | . . . Reinforcement . | . . . Assault . | . . . Garrison . | . . . Intercept . | . . . Searches Triggered . | . . . Construction Impeded . | . . . Haulers Reinforced . | . . . Active Scanning Responses . | . . . Cargo Convoy Interrupts . | . . . Stealth | -11 -10 -10 --------- Run | Yrd Mat Min Distress Signals 1 | . 1 . Communications Jammed . | . . . Distress Signals . | . . . Times Spotted 27 | . 12 15 Peak Tracking Total 10 | . 5 10 Tactical Retreats 2 | . . 2 Traps | -11 -10 -10 ------- Run | Yrd Mat Min Traps Triggered . | . . . Indirectly . | . . . Trap Hack Attempts . | . . . Triggered . | . . . Disarmed . | . . . Reprogrammed . | . . . Reused . | . . . Traps Extracted . | . . . Installed 1 | . . 1 Triggered . | . . . Most Traps Carried 4 | . . 4 Machines | -11 -10 -10 ---------- Run | Yrd Mat Min Machines Disabled . | . . . Max in Single Turn . | . . . Machines Repaired . | . . . Machines Dismantled . | . . . Machines Sabotaged . | . . . Overloaded Fab Kills . | . . . Hacking | -11 -10 -10 --------- Run | Yrd Mat Min Machines Accessed . | . . . Terminals . | . . . Fabricators . | . . . Repair Stations . | . . . Recycling Units . | . . . Scanalyzers . | . . . Garrison Access . | . . . Total Hacks . | . . . Successful . | . . . Failed . | . . . Catastrophic . | . . . Database Lockouts . | . . . Manual . | . . . Terminals . | . . . Fabricators . | . . . Repair Stations . | . . . Recycling Units . | . . . Scanalyzers . | . . . Garrison Access . | . . . Terminal Hacks . | . . . Fabricator Hacks . | . . . Repair Station Hacks . | . . . Recycling Unit Hacks . | . . . Scanalyzer . | . . . Garrison Access Hacks . | . . . Unauthorized Hacks . | . . . Terminals . | . . . Fabricators . | . . . Repair Stations . | . . . Recycling Units . | . . . Scanalyzers . | . . . Garrison Access . | . . . Data Cores Recovered . | . . . Used . | . . . Hacking Detections . | . . . Full Trace Events . | . . . Feedback Events . | . . . Feedback Blocked . | . . . Robot Schematics Acquired . | . . . Robots Built . | . . . Authchips . | . . . Time . | . . . Total Robot Build Rating . | . . . Part Schematics Acquired . | . . . Parts Built . | . . . Authchips . | . . . Time . | . . . Total Part Build Rating . | . . . Part Studies Acquired . | . . . Parts Repaired . | . . . Time . | . . . Parts Recycled . | . . . Recycled Matter . | . . . Retrieved Matter . | . . . Retrieved Components . | . . . Parts Scanalyzed . | . . . Part Schematics Acquired . | . . . Parts Damaged . | . . . Bothacking | -11 -10 -10 ------------ Run | Yrd Mat Min Used RIF Installer . | . . . Robots Hacked . | . . . Non-combat . | . . . Combat . | . . . Robot Hacks Applied . | . . . Relay Couplers Released . | . . . Fabnet Peak Effective % . | . . . Robots Rewired . | . . . Allies Hacked . | . . . Hacks Repelled . | . . . Allies | -11 -10 -10 -------- Run | Yrd Mat Min Total Allies . | . . . Largest Group . | . . . Highest-Rated Group . | . . . Highest-Rated Ally . | . . . Total Orders . | . . . Ally Attacks . | . . . Total Damage . | . . . Kills . | . . . Allies Corrupted . | . . . Allies Melted . | . . . Intel | -11 -10 -10 ------- Run | Yrd Mat Min Active Infowar (turns) 1086 | 22 356 708 Seismic 1086 | 22 356 708 Robot Analysis Total . | . . . Derelict Logs Recovered 1 | . . 1 Drone Launches . | . . . Drone Recoveries . | . . . Exploration | -11 -10 -10 ------------- Run | Yrd Mat Min Turns Passed 1178 | 114 356 708 Spaces Moved 400 | 53 129 218 Core 2 | 2 . . Treads 393 | 51 129 213 Legs . | . . . Wheels 5 | . . 5 Hover . | . . . Flight . | . . . Fastest Speed 50 | 50 160 140 Average Speed 266 | 155 224 317 Slowest Speed 480 | 160 320 480 Overloaded Moves . | . . . Propulsion Burnouts . | . . . Robots Hopped . | . . . Potential Cave-ins . | . . . Cave-ins Triggered . | . . . Exploration Rate (%) 32 | 4 37 56 Regions Visited 2 Branch Regions 1 Pre-discovered Areas . | . . . Known Exits Taken . | . . . Unknown Exits Taken 2 | 1 1 . Scrap Searched 1 | . . 1 Spaces Dug . | . . . Terrain Destroyed . | . . . Melee . | . . . Projectile . | . . . AOE . | . . . Terrain Rammed . | . . . Walls Destroyed . | . . . Machines Disabled . | . . . Actions | -11 -10 -10 --------- Run | Yrd Mat Min Total 461 | 69 159 233 Wait 9 | . 8 1 Move 398 | 52 128 218 Hop . | . . . Pick Up 11 | 4 2 5 Fast Attach 7 | 7 . . Attach 2 | . . 2 Detach . | . . . Swap 2 | . 1 1 Drop 5 | . 1 4 Fire 25 | 6 19 . Melee . | . . . Ram . | . . . Kick . | . . . Crush 1 | . . 1 Escape Stasis . | . . . Rewire . | . . . Trap 1 | . . 1 Miscellaneous . | . . . Route ------- -11/Scrapyard -10/Materials -10/Mines History --------- Turn | Location | Event 27 | -11/Scrapyard | Discovered new exit (range 15) 115 | -11/Scrapyard | Entered Materials 309 | -10/Materials | Build established: Mutant 400 | -10/Materials | Discovered new exit (range 16) 471 | -10/Materials | Entered Mines 476 | -10/Mines | Met a Derelict bent on vengeance 497 | -10/Mines | Learned Materials terminal intel 655 | -10/Mines | Found a hidden stash of uninstalled traps 1124 | -10/Mines | Assembled infested the area 1158 | -10/Mines | Core integrity fell below 50% 1176 | -10/Mines | Core integrity fell below 20% 1179 | -10/Mines | Destroyed by as-87720 with Assembled Heavy Rifle Last Messages --------------- 01157_ Lgt. Treads destroyed. 01157_ Assault Rifle destroyed. 01157_ D-53 Grenadier destroyed. 01159_ Lgt. Treads destroyed. 01160_ The unstable cave ceiling collapses. 01161_ as-80428 destroyed. 01162_ The unstable cave ceiling collapses. 01167_ Wheel destroyed. 01167_ 4S-2EZ(g) destroyed. 01169_ U-05 Engineer builds a Wall. 01169_ D-53 Grenadier destroyed. 01173_ U-05 Engineer lays Concrete. 01173_ Wheel destroyed. 01174_ U-05 Engineer builds a Wall. 01174_ Dropped Heavy Explosive Trap. 01175_ The unstable cave ceiling collapses. 01175_ Dropped Heavy Explosive Trap. 01177_ Installed Heavy Explosive Trap. 01177_ R-06 Scavenger collects Lgt. Ion Engine. 01179_ The unstable cave ceiling collapses. Map ----- +----------------------------------------------------+ | ??????????????# #???## ######??????????????? | | ??????????????# #????## ##???????????????????? | | ??????????????# #?????# ##????????????####????# | | ??????????????# #?????# #????????????## ###### | | ??????????????# #?????# #????????????# ## | | ??????????????# #?????# #???????????## | | ??????????????# #???### ############# | | ??????????????# #???# ### | | ??????????????# #???# ##?### | | ??????????????# ##### ############## #????? | | ??????????????# #????????????## #???? | | ???????##?????####### k#?????????????# #?? | | ???????# ##?????????# #?????????????## #? | | ???????# ####?????## #??????????????#### # | | ???????# ##??### ##?????????????????# # | | ???????## #### ##?????????????????# ## | | ????????## ## ##?????????????????##? | | ?????????## #???????????????????? | | ??????????## ## #???????????????????? | | ???????????########## #???????????????????? | | ????????????????????# ##???????????????????? | | ???????????????????## ##????????????????????? | | ???????????????????# #?????????????????????? | | ???????????????????# ##?????????????????????? | | ????????????#####??# &#####??????????????????? | | ???????????## #### @& ##?????????????????? | | ??????###### ## & ##????????????????? | | ?????## ## ##???????????????? | | ????## # [% ##??????????????? | | ????# ## ##?????????????? | | ????# #?# ####### ??? | | ????# ### a = ? | | ????### %a %! ? | | ??????## ## ## ##aa ### = ###???? | | ???????## ## ### # #???? # #?????? | | ????????# #?## u #?????????????? | | ????????# ####??## # # ##?????????????? | | ????????## ##??????####%# #??????????????? | | ?????????## ####?????????? "###??????????????? | | ??????????####?????????????# #????????????????? | | ???????????????????????????# #????????????????? | | ???????????????????????????# #????????????????? | | ??????????????????????????? #????????????????? | | ???????????????????????????###????????????????? | | ??????????????????????????????????????????????? | | ??????????????????????????????????????????????? | | ??????????????????????????????????????????????? | | ??????????????????????????????????????????????? | | ??????????????????????????????????????????????? | | ??????????????????????????????????????????????? | +----------------------------------------------------+ Best States ------------- Heat Dissipation 25 Energy Generation 10 Energy Capacity 125 Matter Stores 253 Matter Capacity 300 Sight Range 16 Terrain Scan Density 10 Evasion (%) 40 Recoil Reduction 2 Item Schematics ----------------- None Robot Schematics ------------------ None Fabricated ------------ Nothing Repaired ---------- Nothing Studied --------- None Alien Tech Used ----------------- None Achievements -------------- None Challenges ------------ None Game ------ Seed BiocellCooledChaingun Manual? 0 Play Time 00:06:55 Cumulative 47.2 hours Start 2026.02.27 @ 19:55:35 End 2026.02.27 @ 20:07:57 Sessions 1 Manual Loads 0 Difficulty Rogue Special Mode None Game No. 112 Rogue 112 Adventurer 0 Explorer 0 Win Type - Total 0 Types 0/0/0/0/0/0/0/0/0/0 Lore% 29 Gallery% 38 Achievement% 29 Wizard Run 0 Options --------- Layout 2 ASCII 0 Keyboard 1 Movement Arrows Keybinds 0 Fullscreen 1 Font 24/Smallcaps Map View 50x44 Zoom Use 0% Tactical HUD 1 Map Filters NONE Filters NONE Steam 1 RUN: 95edf726-9eda-4d32-b3bd-3cc676fd3a09